TOP OF THE 1ST |
Manhatten Meatheads batting - Pitching for Wisconsin Rapids Rangers : RHP Sixto Domínguez
|
Pitching: RHP Sixto Domínguez
|
|
Batting: SHB Cornell Payne
|
0-0: Called Strike 0-1: Ball 1-1: Foul Ball, location: 2F 1-2: Ball 2-2: Foul Ball, location: 2F 2-2: Foul Ball, location: 2F 2-2: Foul Ball, location: 2F 2-2: Ball 3-2: Foul Ball, location: 2F 3-2: Base on Balls
|
Batting: RHB Denver Baker
|
0-0: Called Strike 0-1: Ball 1-1: Ball 2-1: Ball Throwing error on steal attempt, E2 Cornell Payne to third 3-1: Foul Ball, location: 2F 3-2: Fly out, F8 (Flyball, 78M) Runner from 3rd tags up, SCORES, no throw
|
Batting: RHB José Esparza
|
0-0: SINGLE (Groundball, 6S) (infield hit)
|
Batting: RHB Adrián López
|
0-0: Called Strike 0-1: Ball 1-1: Ball Wild Pitch! José Esparza to second 2-1: Fly out, F8 (Flyball, 8LS)
|
Batting: LHB Robbie Turner
|
0-0: Ball 1-0: Called Strike 1-1: Ball 2-1: Ball 3-1: SINGLE (Line Drive, 8LS) José Esparza to third Runner from 3rd tries for Home, SAFE, no throw
|
Batting: RHB Craig Chapman
|
0-0: Foul Ball, location: 2F 0-1: Fly out, F9 (Line Drive, 9)
|
Top of the 1st over - 2 run(s), 2 hit(s), 1 error(s), 1 left on base; Manhatten 2 - Wisconsin Rapids 0 |
BOTTOM OF THE 1ST |
Wisconsin Rapids Rangers batting - Pitching for Manhatten Meatheads : RHP Dean Kell
|
Pitching: RHP Dean Kell
|
|
Batting: SHB Jacob Wilcox
|
0-0: Ball 1-0: Foul Ball, location: 2F 1-1: Ball 2-1: Ball 3-1: Foul Ball, location: 2F 3-2: Fly out, F9 (Flyball, 9)
|
Batting: LHB Ralph Cobb
|
0-0: Ball 1-0: Ground out 1-3 (Groundball, P)
|
Batting: LHB Ramón Morales
|
0-0: DOUBLE (Line Drive, 8LXD)
|
Batting: RHB Juan García
|
0-0: Ball 1-0: Ball 2-0: Ball 3-0: Base on Balls
|
Batting: LHB Dave Reynolds
|
0-0: Ball 1-0: Ball 2-0: Ball 3-0: Base on Balls Ramón Morales to third Juan García to second
|
Batting: RHB Miguel Toro
|
0-0: Ball 1-0: Ball 2-0: SINGLE (Flyball, 78S) Ramón Morales scores Juan García to third Dave Reynolds to second Runner from 3rd tries for Home, SAFE, no throw
|
Batting: RHB António Martínez
|
0-0: SINGLE (Groundball, 56D) Dave Reynolds to third Miguel Toro to second Runner from 3rd tries for Home, throw and OUT!
|
Bottom of the 1st over - 2 run(s), 3 hit(s), 0 error(s), 2 left on base; Manhatten 2 - Wisconsin Rapids 2 |
TOP OF THE 2ND |
Manhatten Meatheads batting - Pitching for Wisconsin Rapids Rangers : RHP Sixto Domínguez
|
Batting: LHB Miguel Pérez
|
0-0: Ball 1-0: Ball 2-0: Called Strike 2-1: Ball 3-1: Base on Balls
|
Batting: RHB Ramiro Santana
|
0-0: Called Strike 0-1: Ball 1-1: Grounds into double play, 4-6-3 (Groundball, 4)
|
Batting: SHB António Ramírez
|
0-0: Ball 1-0: Ball 2-0: Called Strike 2-1: Fly out, F8 (Flyball, 8LM)
|
Top of the 2nd over - 0 run(s), 0 hit(s), 0 error(s), 0 left on base; Manhatten 2 - Wisconsin Rapids 2 |
BOTTOM OF THE 2ND |
Wisconsin Rapids Rangers batting - Pitching for Manhatten Meatheads : RHP Dean Kell
|
Batting: RHB Carlos Miranda
|
0-0: Ball 1-0: Ground out 6-3 (Groundball, 56)
|
Batting: RHB Wilfred Martin
|
0-0: Called Strike 0-1: Ball 1-1: Fly out, F9 (Flyball, 9S)
|
Batting: SHB Jacob Wilcox
|
0-0: Called Strike 0-1: Foul Ball, location: 2F 0-2: Strikes out swinging
|
Bottom of the 2nd over - 0 run(s), 0 hit(s), 0 error(s), 0 left on base; Manhatten 2 - Wisconsin Rapids 2 |
TOP OF THE 3RD |
Manhatten Meatheads batting - Pitching for Wisconsin Rapids Rangers : RHP Sixto Domínguez
|
Batting: SHB Cornell Payne
|
0-0: Called Strike 0-1: Ball 1-1: Fly out, F7 (Flyball, 7LM)
|
Batting: RHB Denver Baker
|
0-0: Foul Ball, location: 2F 0-1: Ball 1-1: Ball 2-1: Ball 3-1: Foul Ball, location: 2F 3-2: SINGLE (Groundball, 56D)
|
Batting: RHB José Esparza
|
0-0: Ball 1-0: SINGLE (Groundball, 25) (infield hit) Denver Baker to second
|
Batting: RHB Adrián López
|
0-0: Called Strike 0-1: Swinging Strike 0-2: Ball 1-2: Ball 2-2: Strikes out swinging
|
Batting: LHB Robbie Turner
|
0-0: Ball 1-0: Swinging Strike 1-1: Foul Ball, location: 2F 1-2: SINGLE (Line Drive, 8LS) Denver Baker to third José Esparza to second Runner from 3rd tries for Home, SAFE, throw made home
|
Batting: RHB Craig Chapman
|
0-0: SINGLE (Line Drive, 4D) José Esparza to third Robbie Turner to second Runner from 3rd tries for Home, SAFE, no throw
|
Batting: LHB Miguel Pérez
|
0-0: Foul Ball, location: 2F 0-1: Ball 1-1: Ball 2-1: Ball 3-1: Foul Ball, location: 2F 3-2: SINGLE (Line Drive, 34D) Robbie Turner to third Craig Chapman to second Robbie Turner scores Craig Chapman to third
|
Batting: RHB Ramiro Santana
|
0-0: Ball 1-0: Called Strike 1-1: Ball 2-1: Ball 3-1: Base on Balls Miguel Pérez to second
|
Batting: SHB António Ramírez
|
0-0: Ball 1-0: Called Strike 1-1: Foul Ball, location: 2F 1-2: Foul Ball, location: 2F 1-2: Foul Ball, location: 2F 1-2: Ball 2-2: Foul Ball, location: 2F 2-2: Ball 3-2: Base on Balls Craig Chapman scores Miguel Pérez to third Ramiro Santana to second
|
Pitching: RHP Chuck Plummer
|
|
Batting: SHB Cornell Payne
|
0-0: Ball 1-0: Called Strike 1-1: Foul Ball, location: 2F 1-2: Strikes out looking
|
Top of the 3rd over - 4 run(s), 5 hit(s), 0 error(s), 3 left on base; Manhatten 6 - Wisconsin Rapids 2 |
BOTTOM OF THE 3RD |
Wisconsin Rapids Rangers batting - Pitching for Manhatten Meatheads : RHP Dean Kell
|
Batting: LHB Ralph Cobb
|
0-0: Swinging Strike 0-1: Ball 1-1: Swinging Strike 1-2: Strikes out swinging, 2-3 out at first.
|
Batting: LHB Ramón Morales
|
0-0: Called Strike 0-1: Ground out 4-3 (Groundball, 34D)
|
Batting: RHB Juan García
|
0-0: Called Strike 0-1: Swinging Strike 0-2: Strikes out swinging
|
Bottom of the 3rd over - 0 run(s), 0 hit(s), 0 error(s), 0 left on base; Manhatten 6 - Wisconsin Rapids 2 |
TOP OF THE 4TH |
Manhatten Meatheads batting - Pitching for Wisconsin Rapids Rangers : RHP Chuck Plummer
|
Batting: RHB Denver Baker
|
0-0: Called Strike 0-1: Ball 1-1: Ground out 4-3 (Groundball, 4MD)
|
Batting: RHB José Esparza
|
0-0: Called Strike 0-1: Called Strike 0-2: Foul Ball, location: 2F 0-2: Ball 1-2: Ball 2-2: Ball 3-2: Base on Balls
|
Batting: RHB Adrián López
|
0-0: Called Strike José Esparza steals 2nd base 0-1: Foul Ball, location: 2F 0-2: Ball 1-2: Ball 2-2: Fly out, F8 (Line Drive, 78M)
|
Batting: LHB Robbie Turner
|
0-0: Foul Ball, location: 2F Error on foul ball, E9 0-2: Ground out U3 (Groundball, 3)
|
Top of the 4th over - 0 run(s), 0 hit(s), 1 error(s), 1 left on base; Manhatten 6 - Wisconsin Rapids 2 |
BOTTOM OF THE 4TH |
Wisconsin Rapids Rangers batting - Pitching for Manhatten Meatheads : RHP Dean Kell
|
Batting: LHB Dave Reynolds
|
0-0: Ball 1-0: Called Strike 1-1: Ball 2-1: Foul Ball, location: 2F 2-2: Foul Ball, location: 2F 2-2: Ball 3-2: Fly out, F7 (Flyball, 7LSF)
|
Batting: RHB Miguel Toro
|
0-0: Ball 1-0: Foul Ball, location: 2F 1-1: Ball 2-1: Ball 3-1: SINGLE (Groundball, 6D)
|
Batting: RHB António Martínez
|
0-0: Swinging Strike 0-1: Called Strike 0-2: Foul Ball, location: 2F 0-2: Ball 1-2: Ball 2-2: Ball 3-2: Base on Balls Miguel Toro to second
|
Batting: RHB Carlos Miranda
|
0-0: Called Strike 0-1: Foul Ball, location: 2F 0-2: Ball 1-2: Strikes out swinging
|
Batting: RHB Wilfred Martin
|
0-0: Ball 1-0: Fly out, F7 (Flyball, 7S)
|
Bottom of the 4th over - 0 run(s), 1 hit(s), 0 error(s), 2 left on base; Manhatten 6 - Wisconsin Rapids 2 |
TOP OF THE 5TH |
Manhatten Meatheads batting - Pitching for Wisconsin Rapids Rangers : RHP Chuck Plummer
|
Batting: RHB Craig Chapman
|
0-0: Ball 1-0: Ball 2-0: Called Strike 2-1: Foul Ball, location: 2F 2-2: SINGLE (Groundball, 56D)
|
Batting: LHB Miguel Pérez
|
0-0: Ball 1-0: Called Strike 1-1: Swinging Strike 1-2: Strikes out swinging
|
Batting: RHB Ramiro Santana
|
0-0: Ball 1-0: Swinging Strike 1-1: Foul Ball, location: 2F 1-2: Strikes out looking
|
Batting: SHB António Ramírez
|
0-0: Called Strike 0-1: Ball 1-1: Ground out 3-1 (Groundball, 34S)
|
Top of the 5th over - 0 run(s), 1 hit(s), 0 error(s), 1 left on base; Manhatten 6 - Wisconsin Rapids 2 |
BOTTOM OF THE 5TH |
Wisconsin Rapids Rangers batting - Pitching for Manhatten Meatheads : RHP Dean Kell
|
Batting: SHB Jacob Wilcox
|
0-0: Ground out 6-3 (Groundball, 6M)
|
Batting: LHB Ralph Cobb
|
0-0: Foul Ball, location: 2F 0-1: Ball 1-1: Foul Ball, location: 2F 1-2: Ball 2-2: Foul Ball, location: 2F 2-2: Foul Ball, location: 2F 2-2: Strikes out swinging
|
Batting: LHB Ramón Morales
|
0-0: Foul Ball, location: 2F 0-1: Swinging Strike 0-2: Ball 1-2: Ball 2-2: Ball 3-2: Base on Balls
|
Batting: RHB Juan García
|
0-0: Foul Ball, location: 2F 0-1: Ball 1-1: Swinging Strike 1-2: Strikes out looking
|
Bottom of the 5th over - 0 run(s), 0 hit(s), 0 error(s), 1 left on base; Manhatten 6 - Wisconsin Rapids 2 |
TOP OF THE 6TH |
Manhatten Meatheads batting - Pitching for Wisconsin Rapids Rangers : RHP Chuck Plummer
|
Batting: SHB Cornell Payne
|
0-0: Foul Ball, location: 2F 0-1: Ball 1-1: SINGLE (Line Drive, 7LS)
|
Batting: RHB Denver Baker
|
0-0: Called Strike 0-1: Ball Cornell Payne steals 2nd base 1-1: Intentional Walk
|
Batting: RHB José Esparza
|
0-0: Fly out, F9 (Flyball, 89M)
|
Batting: RHB Adrián López
|
0-0: Called Strike 0-1: Ball Cornell Payne steals 3rd base Denver Baker to second 1-1: Ball 2-1: Foul Ball, location: 2F 2-2: Foul Ball, location: 2F 2-2: SINGLE (Line Drive, 78M) Cornell Payne scores Denver Baker to third
|
Batting: LHB Robbie Turner
|
0-0: Called Strike 0-1: 3-RUN HOME RUN (Flyball, 9D), Distance : 348 ft
|
Pitching: RHP Júlio Feliciano
|
|
Batting: RHB Craig Chapman
|
0-0: Swinging Strike 0-1: Ball 1-1: Fly out, F9 (Flyball, 89S)
|
Batting: LHB Miguel Pérez
|
0-0: SINGLE (Line Drive, 6D)
|
Batting: RHB Ramiro Santana
|
0-0: Foul Ball, location: 2F 0-1: Foul Ball, location: 2F 0-2: Strikes out swinging
|
Top of the 6th over - 4 run(s), 4 hit(s), 0 error(s), 1 left on base; Manhatten 10 - Wisconsin Rapids 2 |
BOTTOM OF THE 6TH |
Wisconsin Rapids Rangers batting - Pitching for Manhatten Meatheads : RHP Dean Kell
|
Batting: LHB Dave Reynolds
|
0-0: Ball 1-0: Ball 2-0: Ball 3-0: Base on Balls
|
Pitching: RHP Ángel Antonio
|
|
Batting: RHB Miguel Toro
|
0-0: Called Strike 0-1: Ball 1-1: Foul Ball, location: 2F 1-2: Foul Ball, location: 2F 1-2: Ball 2-2: Strikes out looking
|
Batting: RHB António Martínez
|
0-0: Called Strike 0-1: Ball 1-1: SINGLE (Groundball, 56S) (infield hit) Dave Reynolds to second
|
Batting: RHB Carlos Miranda
|
0-0: Ball 1-0: Swinging Strike 1-1: Foul Ball, location: 2F 1-2: Strikes out swinging
|
Batting: RHB Wilfred Martin
|
0-0: Called Strike 0-1: Swinging Strike 0-2: Ball 1-2: SINGLE (Groundball, 6MD) Dave Reynolds to third António Martínez to second Runner from 3rd tries for Home, SAFE, no throw
|
Batting: SHB Jacob Wilcox
|
0-0: Ball 1-0: Swinging Strike 1-1: Ground out 6-3 (Groundball, 6M)
|
Bottom of the 6th over - 1 run(s), 2 hit(s), 0 error(s), 2 left on base; Manhatten 10 - Wisconsin Rapids 3 |
TOP OF THE 7TH |
Manhatten Meatheads batting - Pitching for Wisconsin Rapids Rangers : RHP Júlio Feliciano
|
Batting: SHB António Ramírez
|
0-0: Called Strike 0-1: Swinging Strike 0-2: Ball 1-2: Ball 2-2: Foul Ball, location: 2F 2-2: Strikes out swinging
|
Batting: SHB Cornell Payne
|
0-0: Ball 1-0: Ball 2-0: Called Strike 2-1: Foul Ball, location: 2F 2-2: SINGLE (Line Drive, 4D)
|
Batting: RHB Denver Baker
|
0-0: Called Strike 0-1: Ball 1-1: Called Strike 1-2: Foul Ball, location: 2F 1-2: Foul Ball, location: 2F 1-2: Ball 2-2: Ball 3-2: DOUBLE (Flyball, 7LM) Cornell Payne to third Cornell Payne scores
|
Batting: RHB José Esparza
|
0-0: Called Strike 0-1: Foul Ball, location: 2F 0-2: Ball 1-2: Fly out, F4 (Line Drive, 4)
|
Batting: RHB Adrián López
|
0-0: Called Strike 0-1: Ball 1-1: Ground out 6-3 (Groundball, 6)
|
Top of the 7th over - 1 run(s), 2 hit(s), 0 error(s), 1 left on base; Manhatten 11 - Wisconsin Rapids 3 |
BOTTOM OF THE 7TH |
Wisconsin Rapids Rangers batting - Pitching for Manhatten Meatheads : RHP Ángel Antonio
|
Batting: LHB Ralph Cobb
|
0-0: Ball 1-0: Swinging Strike 1-1: Ball 2-1: Ball 3-1: Fly out, F6 (Line Drive, 6M)
|
Batting: LHB Ramón Morales
|
0-0: Ground out 6-3 (Groundball, 6)
|
Batting: RHB Juan García
|
0-0: Ball 1-0: Ball 2-0: Ball 3-0: Foul Ball, location: 2F 3-1: Foul Ball, location: 2F 3-2: Foul Ball, location: 2F 3-2: Strikes out swinging, 2-3 out at first.
|
Bottom of the 7th over - 0 run(s), 0 hit(s), 0 error(s), 0 left on base; Manhatten 11 - Wisconsin Rapids 3 |
TOP OF THE 8TH |
Manhatten Meatheads batting - Pitching for Wisconsin Rapids Rangers : RHP Júlio Feliciano
|
Batting: LHB Robbie Turner
|
0-0: Ball 1-0: Called Strike 1-1: Swinging Strike 1-2: Ball 2-2: Strikes out looking
|
Batting: RHB Craig Chapman
|
0-0: Ball 1-0: Foul Ball, location: 2F 1-1: Foul Ball, location: 2F 1-2: Strikes out swinging
|
Batting: LHB Miguel Pérez
|
0-0: Ball 1-0: SINGLE (Flyball, 8LS)
|
Batting: RHB Ramiro Santana
|
0-0: Ball 1-0: Called Strike 1-1: Swinging Strike 1-2: Ground out 1-3 (Groundball, 15S)
|
Top of the 8th over - 0 run(s), 1 hit(s), 0 error(s), 1 left on base; Manhatten 11 - Wisconsin Rapids 3 |
BOTTOM OF THE 8TH |
Wisconsin Rapids Rangers batting - Pitching for Manhatten Meatheads : RHP Ángel Antonio
|
Batting: LHB Dave Reynolds
|
0-0: Called Strike 0-1: Fly out, F8 (Flyball, 78M)
|
Batting: RHB Miguel Toro
|
0-0: Called Strike 0-1: Ball 1-1: Ball 2-1: Ball 3-1: Foul Ball, location: 2F 3-2: Base on Balls
|
Batting: RHB António Martínez
|
0-0: Ball 1-0: Called Strike 1-1: Fly out, F2 (Popup, 25)
|
Batting: RHB Carlos Miranda
|
0-0: Fly out, F8 (Flyball, 78M)
|
Bottom of the 8th over - 0 run(s), 0 hit(s), 0 error(s), 1 left on base; Manhatten 11 - Wisconsin Rapids 3 |
TOP OF THE 9TH |
Manhatten Meatheads batting - Pitching for Wisconsin Rapids Rangers : RHP Júlio Feliciano
|
Batting: SHB António Ramírez
|
0-0: Ball 1-0: Ball 2-0: Foul Ball, location: 2F 2-1: Ball 3-1: Swinging Strike 3-2: Foul Ball, location: 2F 3-2: Fly out, F4 (Popup, 4D)
|
Pitching: LHP Sam Olson
|
|
Pinch Hitting: SHB José Sousa
|
0-0: Ball 1-0: SINGLE (Flyball, 7LM)
|
Batting: RHB Denver Baker
|
0-0: Called Strike 0-1: Ball 1-1: Called Strike 1-2: Ball 2-2: Foul Ball, location: 2F 2-2: Fly out, F6 (Popup, 6D)
|
Batting: RHB José Esparza
|
0-0: Ball 1-0: Ball 2-0: Fielders Choice at 2nd, 4-6 (Groundball, 4)
|
Top of the 9th over - 0 run(s), 1 hit(s), 0 error(s), 0 left on base; Manhatten 11 - Wisconsin Rapids 3 |
BOTTOM OF THE 9TH |
Wisconsin Rapids Rangers batting - Pitching for Manhatten Meatheads : RHP Ángel Antonio
|
Now at 3B: Hidalgo García
|
|
Batting: RHB Wilfred Martin
|
0-0: Foul Ball, location: 2F 0-1: Ball 1-1: Called Strike 1-2: Ground out 5-3 (Groundball, 56)
|
Batting: SHB Jacob Wilcox
|
0-0: Called Strike 0-1: Called Strike 0-2: Ball 1-2: Ball 2-2: Foul Ball, location: 2F 2-2: DOUBLE (Flyball, 78D)
|
Batting: LHB Ralph Cobb
|
0-0: Called Strike 0-1: Called Strike 0-2: Ball 1-2: Fly out, F8 (Line Drive, 8LS)
|
Batting: LHB Ramón Morales
|
0-0: Foul Ball, location: 2F 0-1: Called Strike 0-2: Ball 1-2: DOUBLE (Line Drive, 89M) Jacob Wilcox scores
|
Batting: RHB Juan García
|
0-0: Swinging Strike 0-1: Ball 1-1: Swinging Strike 1-2: Ball 2-2: Foul Ball, location: 2F 2-2: DOUBLE (Flyball, 9LM) Ramón Morales scores
|
Batting: LHB Dave Reynolds
|
0-0: Called Strike 0-1: Foul Ball, location: 2F 0-2: Ball 1-2: SINGLE (Line Drive, 9LS) Juan García to third Runner from 3rd tries for Home, SAFE, no throw
|
Pitching: RHP Víctor Viña
|
|
Batting: RHB Miguel Toro
|
0-0: Called Strike 0-1: Swinging Strike 0-2: Strikes out looking
|
Bottom of the 9th over - 3 run(s), 4 hit(s), 0 error(s), 1 left on base; Manhatten 11 - Wisconsin Rapids 6 |
|